[Event "Team 45 45 League T63"]
[Site "Internet Chess Club"]
[Date "2014.12.21"]
[Round "4"]
[White "laurenpar"]
[Black "willhelm"]
[Result "1-0"]
[WhiteElo "1966"]
[BlackElo "1928"]
[Opening "English: Neo-Catalan"]
[ECO "A13"]
[Time "08:00:50"]
[TimeControl "2700+45"]

1. Nf3 Nf6 2. c4 e6 3. g3 d5 4. b3 Be7 5. Bg2 O-O 6. O-O c6 7. Bb2 Nbd7 8. d4
Ne4 9. Nc3 Ndf6 10. Ne5 Nxc3 11. Bxc3 Ne4 12. Bb2 f6 13. Nd3 Bd7 14. f3 Nd6 15.
Qc1 Be8 16. Bh3 Bf7 17. Nf4 f5 18. Nd3 Bg5 19. f4 Bf6 20. Ne5 Ne4 21. Bg2 Bh5
22. Bf3 Bxf3 23. exf3 Nd6 24. Ba3 Re8 25. Bxd6 Qxd6 26. c5 Qc7 27. Re1 Bxe5 28.
Rxe5 Kf7 29. Qd2 h5 30. Rae1 g6 31. Qg2 Qd7 32. g4 Rh8 33. Qe2 Rae8 34. b4 hxg4
35. fxg4 Rh4 36. gxf5 gxf5 37. Qe3 Rg8+ 38. Kh1 Rg6 39. Rg1 Rhg4 40. Rxg4 Rxg4
41. Qh3 Kg7 42. Re2 Qf7 43. Rg2 Rxg2 44. Qxg2+ Kh7 45. Qg5 a6 46. Kg2 Kh8 47.
Kf3 Kh7 48. h4 Qg7 49. Qh5+ Kg8 50. Qe8+ Kh7 51. Qh5+ Kg8 52. Qg5 Kh7 53. Ke3
Kg8 54. h5 Qxg5 55. fxg5 Kf7 56. Kf4 Kg7 57. Ke5 Kf7 58. h6 Kg6 59. a3 Kh7 60.
Kf4 Kg6 61. Ke5 Kh7 62. Kf6 f4 63. g6+ Kxh6 64. g7 {Black resigns} 1-0

[Event "Team 45 45 League T63"]
[Site "Internet Chess Club"]
[Date "2014.12.23"]
[Round "4"]
[White "Goli"]
[Black "Holzschlange"]
[Result "1/2-1/2"]
[WhiteElo "1875"]
[BlackElo "1819"]
[Opening "Ruy Lopez: exchange variation, 5.O-O"]
[ECO "C68"]
[Time "17:30:26"]
[TimeControl "2700+45"]

1. e4 e5 2. Nf3 Nc6 3. Bb5 a6 4. Bxc6 dxc6 5. O-O Ne7 6. d4 exd4 7. Nxd4 c5 8.
Ne2 Qxd1 9. Rxd1 Bd7 10. Be3 b6 11. Nd2 O-O-O 12. a4 Nc6 13. c3 Be7 14. f3 Ne5
15. Nc1 Be6 {Game drawn by mutual agreement} 1/2-1/2

[Event "Team 45 45 League T63"]
[Site "Internet Chess Club"]
[Date "2014.12.21"]
[Round "4"]
[White "Warpdrive"]
[Black "zap2"]
[Result "1/2-1/2"]
[WhiteElo "1634"]
[BlackElo "1683"]
[Opening "Philidor: Improved Hanham variation"]
[ECO "B07"]
[Time "13:02:52"]
[TimeControl "2700+45"]

1. e4 d6 2. d4 Nf6 3. Nc3 e5 4. Nf3 Nbd7 5. Bc4 Be7 6. O-O O-O 7. a4 c6 8. Re1
Qc7 9. h3 b6 10. d5 cxd5 11. Bxd5 Nxd5 12. Nxd5 Qd8 13. Be3 Bb7 14. c4 Rc8 15.
Rc1 f5 16. exf5 Rxf5 17. Qd3 Rxf3 18. gxf3 Bg5 19. Qf5 Bxe3 20. fxe3 Nc5 21. b4
Nb3 22. Rc2 Qh4 23. Ree2 Rf8 24. Qg4 Qd8 25. Rg2 Rf7 26. h4 Bc8 27. Qg5 Qf8 28.
f4 Bf5 29. Rcf2 Be4 30. fxe5 Bxg2 31. Rxf7 Kxf7 32. Qf5+ Kg8 33. Qxf8+ Kxf8 34.
Kxg2 dxe5 35. Kf3 Nd2+ 36. Ke2 Nxc4 37. Nc3 Nd6 38. Kf3 Kf7 39. Kg4 g6 40. h5
Nf5 41. Nd5 Ng7 42. hxg6+ hxg6 43. Kg5 Nh5 44. a5 bxa5 45. bxa5 Ng3 46. Nb4 Ne4+
47. Kh4 Kf6 48. Nc6 a6 49. Nb4 Nc5 50. Kg4 e4 51. Nd5+ Ke5 52. Nb4 Nb3 53. Kg5
Nxa5 54. Kxg6 Nc4 55. Nxa6 Kd5 56. Nb4+ Kc5 57. Nc2 Nxe3 58. Nxe3 Kd4 59. Nf5+
Kd3 60. Kg5 {Game drawn by mutual agreement} 1/2-1/2

[Event "Team 45 45 League T63"]
[Site "Internet Chess Club"]
[Date "2014.12.17"]
[Round "4"]
[White "BrerRabbit"]
[Black "tryanything"]
[Result "1/2-1/2"]
[WhiteElo "1511"]
[BlackElo "1545"]
[Opening "Réti: King's Indian attack (Barcza system)"]
[ECO "A07"]
[Time "19:02:56"]
[TimeControl "2700+45"]

1. Nf3 d5 2. g3 Nf6 3. Bg2 g6 4. O-O Bg7 5. d3 O-O 6. Nbd2 Be6 7. e4 dxe4 8.
dxe4 c6 9. Re1 Qc8 10. c3 Bh3 11. Qb3 Bxg2 12. Kxg2 e6 13. Nc4 b6 14. Bf4 Nbd7
15. Qc2 Ne8 16. Rad1 b5 17. Nce5 Nxe5 18. Bxe5 f6 19. Bd4 c5 20. Be3 Rf7 21. Nd2
Bf8 22. c4 a6 23. Nb3 b4 24. Nd2 Raa7 25. b3 Rfd7 26. h4 Qc6 27. Kg1 Rd8 28. Nf1
Rad7 29. Rxd7 Rxd7 30. Rd1 Rxd1 31. Qxd1 Qd6 32. Qxd6 Bxd6 33. Nd2 e5 {Game
drawn by mutual agreement} 1/2-1/2

[Event "Team 45 45 League T63"]
[Site "Internet Chess Club"]
[Date "2014.12.20"]
[Round "4"]
[White "juniorVishy"]
[Black "RobertStephen"]
[Result "0-1"]
[WhiteElo "1889"]
[BlackElo "2028"]
[Opening "QGD"]
[ECO "D30"]
[Time "13:03:35"]
[TimeControl "2700+45"]

1. d4 d5 2. c4 e6 3. Nf3 Nf6 4. Bg5 Be7 5. e3 dxc4 6. Bxc4 c5 7. O-O Nbd7 8. Nc3
O-O 9. Re1 b6 10. e4 cxd4 11. Nxd4 Ne5 12. Bb3 Ba6 13. Bc2 Bc5 14. Nb3 Bxf2+ 15.
Kxf2 Nfg4+ 16. Kg1 Qxg5 17. h3 Qf4 18. hxg4 Nxg4 19. Bd3 Qh2+ 20. Kf1 Qh1+ 21.
Ke2 Qxg2# {White checkmated} 0-1

[Event "Team 45 45 League T63"]
[Site "Internet Chess Club"]
[Date "2014.12.17"]
[Round "4"]
[White "spand42"]
[Black "tornado100"]
[Result "1-0"]
[WhiteElo "1916"]
[BlackElo "1660"]
[Opening "QGD semi-Slav: Chigorin defense"]
[ECO "D45"]
[Time "16:26:32"]
[TimeControl "2700+45"]

1. d4 d5 2. c4 c6 3. Nc3 Nf6 4. Nf3 e6 5. e3 Bd6 6. Bd3 Nbd7 7. e4 dxe4 8. Nxe4
Nxe4 9. Bxe4 Nf6 10. Bc2 Qc7 11. O-O O-O 12. Bg5 Nd7 13. Qd3 g6 14. Rad1 Bf4 15.
Qe4 Bxg5 16. Nxg5 Nf6 17. Qh4 Nh5 18. Nxh7 Qf4 19. Qxf4 Nxf4 20. Nf6+ Kg7 21.
Ne4 Ne2+ 22. Kh1 Rd8 23. d5 exd5 24. cxd5 cxd5 25. Rd2 Nf4 26. Nc3 b6 27. Bb3 d4
28. Ne4 Bb7 29. f3 Rac8 30. Rfd1 Bxe4 31. fxe4 d3 32. g3 Nh3 33. Kg2 Ng5 34.
Rxd3 Rxd3 35. Rxd3 Rc7 36. Re3 Re7 37. e5 f6 38. exf6+ Kxf6 39. Rxe7 Kxe7 40.
Bd5 Kd6 41. Bc4 Ne4 42. Bd3 Ke5 43. Bxe4 Kxe4 44. Kh3 Kd3 45. Kg4 Kc2 46. h4
Kxb2 47. h5 gxh5+ 48. Kxh5 Kxa2 49. g4 b5 50. g5 b4 51. g6 b3 52. g7 Ka1 53.
g8=Q b2 54. Qg7 Ka2 55. Qxa7+ Kb1 56. Kg4 Kc2 57. Qc5+ Kb3 58. Qd5+ Kc2 59. Qc4+
Kd1 60. Qb3+ Kc1 61. Qc3+ Kb1 62. Kf3 Ka2 63. Qc4+ Ka3 64. Qc2 Ka2 65. Qa4+ Kb1
66. Ke3 Kc1 67. Qc4+ Kd1 68. Qb3+ Kc1 69. Qc3+ Kb1 70. Kd3 Ka2 71. Qa5+ Kb3 72.
Qb5+ Ka2 73. Qa4+ Kb1 74. Kc3 Kc1 75. Qc2# {Black checkmated} 1-0

[Event "Team 45 45 League T63"]
[Site "Internet Chess Club"]
[Date "2014.12.20"]
[Round "4"]
[White "anna"]
[Black "az2112"]
[Result "1/2-1/2"]
[WhiteElo "1793"]
[BlackElo "1633"]
[Opening "Sicilian: Alapin's variation (2.c3)"]
[ECO "B22"]
[Time "12:01:47"]
[TimeControl "2700+45"]

1. e4 c5 2. c3 d6 3. d4 Nc6 4. dxc5 dxc5 5. Qxd8+ Nxd8 6. Bb5+ Bd7 7. Bxd7+ Kxd7
8. Be3 e6 9. Nd2 Nf6 10. O-O-O b6 11. Nc4+ Ke8 12. f3 Nb7 13. Ne2 Rd8 14. Rxd8+
Kxd8 15. Rd1+ Kc8 16. Ne5 h6 17. Nxf7 Rh7 18. Ne5 g5 19. Ng6 Bd6 20. e5 Rg7 21.
exd6 Rxg6 22. c4 Kd7 23. Nc3 Ne8 24. Ne4 Nexd6 25. b3 Kc6 26. Nxd6 Nxd6 27. Bf2
e5 28. Bg3 Re6 29. Re1 e4 30. Bxd6 Kxd6 31. fxe4 Ke5 32. Kd2 Kd4 33. e5 Rxe5 34.
Rxe5 Kxe5 35. Ke3 Kf5 36. Kf3 h5 37. Ke3 Ke5 {Game drawn by mutual agreement}
1/2-1/2

[Event "Team 45 45 League T63"]
[Site "Internet Chess Club"]
[Date "2014.12.18"]
[Round "4"]
[White "drsigmund1"]
[Black "JasonModer"]
[Result "0-1"]
[WhiteElo "1480"]
[BlackElo "1777"]
[Opening "Queen's pawn, Mason variation"]
[ECO "D00"]
[Time "19:30:07"]
[TimeControl "2700+45"]

1. d4 d5 2. Bf4 Nf6 3. e3 Bf5 4. f3 c5 5. g4 Bg6 6. h4 h5 7. g5 Nfd7 8. Bd3 Bxd3
9. Qxd3 Nc6 10. Nc3 e6 11. O-O-O c4 12. Qe2 Qa5 13. e4 O-O-O 14. exd5 exd5 15.
Kb1 Bb4 16. Qd2 Nb6 17. Nge2 Rhe8 18. Qc1 Na4 19. Nxa4 Qxa4 20. Rh2 Re6 21. a3
Ba5 22. Bd2 Bc7 23. Rf2 b5 24. Nf4 Bxf4 25. Bxf4 b4 26. c3 bxa3 27. bxa3 Na5 28.
Ra2 Rb6+ 29. Rb2 Nb3 30. Qc2 Qxa3 31. Qf5+ Re6 32. Ra2 Qe7 33. Ra6 Rd7 34. Re1
Rxe1+ {White resigns} 0-1

[Event "Team 45 45 League T63"]
[Site "Internet Chess Club"]
[Date "2014.12.21"]
[Round "4"]
[White "mongmong"]
[Black "unclevinny"]
[Result "0-1"]
[WhiteElo "1542"]
[BlackElo "1644"]
[Opening "Queen's pawn game"]
[ECO "D02"]
[Time "19:03:33"]
[TimeControl "2700+45"]

1. d4 d5 2. Nf3 g6 3. e3 Bg7 4. c4 c6 5. Nc3 Nf6 6. Bd3 dxc4 7. Bxc4 Nbd7 8. O-O
O-O 9. Qe2 Nb6 10. Bb3 Nbd5 11. e4 Nxc3 12. bxc3 e6 13. Bg5 Qc7 14. Rfd1 b5 15.
a4 a6 16. axb5 cxb5 17. Rac1 Bb7 18. Bxf6 Bxf6 19. e5 Bg7 20. Ne1 Rfd8 21. Nd3
Bd5 22. Bxd5 Rxd5 23. Nb4 Rdd8 24. Qf3 Rdc8 25. Ra1 a5 26. Na2 Qc4 27. Qe4 Bh6
28. g3 Bf8 29. h4 Ba3 30. Nc1 Qxc3 31. Ne2 Qc2 32. Nf4 Qxe4 {White resigns} 0-1

[Event "Team 45 45 League T63"]
[Site "Internet Chess Club"]
[Date "2014.12.21"]
[Round "4"]
[White "stanbeers"]
[Black "julesraider"]
[Result "0-1"]
[WhiteElo "1446"]
[BlackElo "1539"]
[Opening "English opening"]
[ECO "A05"]
[Time "20:00:31"]
[TimeControl "2700+45"]

1. Nf3 Nf6 2. c4 g6 3. g3 Bg7 4. Bg2 O-O 5. O-O d6 6. d4 c6 7. Qc2 Bf5 8. Qb3
Qc8 9. Re1 Na6 10. Nc3 h6 11. e4 Be6 12. a4 Rb8 13. Qa2 Nb4 14. Qb3 a5 15. Be3
Bh3 16. Bh1 Kh7 17. e5 Ng4 18. Na2 Nxa2 19. Qxa2 dxe5 20. dxe5 Nxe3 21. Rxe3 Qc7
22. Rae1 Rfd8 23. b3 Be6 24. Qb2 Qb6 25. Qa1 Rd7 26. Nh4 Rbd8 27. Ng2 Rd2 28.
Nf4 Bg4 29. Qc3 Bf5 30. c5 Qc7 31. Qc4 g5 32. Qxf7 Rf8 33. Ne6 Rxf7 34. Nxc7 Bg4
35. Be4+ Kh8 36. f3 Bh3 37. R3e2 Rxe2 38. Rxe2 e6 39. g4 Rxc7 40. Rd2 Bxe5 41.
Rd8+ Kg7 42. Rd3 Bf4 43. Kf2 Kf6 44. Rc3 Rd7 45. Rd3 Rxd3 46. Bxd3 Bxh2 47. Ke3
Bg1+ 48. Ke4 Bxc5 49. Bc4 Bg2 50. Be2 b6 51. Bc4 Bd6 52. Be2 Bf4 53. Bc4 Ke7 54.
Be2 Kd6 55. Bc4 Bh1 56. Be2 Kc5 57. Bc4 e5 58. Be2 b5 59. axb5 cxb5 60. Bd3 Kb4
61. Bc2 a4 62. bxa4 bxa4 63. Bxa4 Kxa4 {White resigns} 0-1

[Event "Team 45 45 League T63"]
[Site "Internet Chess Club"]
[Date "2014.12.19"]
[Round "4"]
[White "varavind"]
[Black "guyd52"]
[Result "0-1"]
[WhiteElo "1221"]
[BlackElo "1345"]
[Opening "Pirc defense"]
[ECO "B07"]
[Time "20:00:52"]
[TimeControl "2700+45"]

1. e4 d6 2. d4 Nf6 3. Bd3 g6 4. c4 Bg7 5. Nc3 Nbd7 6. Nf3 c6 7. O-O O-O 8. Bg5
Qc7 9. Re1 e5 10. d5 Nc5 11. Bc2 Qb6 12. Bb3 Ng4 13. Na4 Nxa4 14. Bxa4 Qxf2+ 15.
Kh1 Qxb2 16. Re2 Nf2+ 17. Rxf2 Qxf2 18. dxc6 f6 19. Bh4 Qc5 20. cxb7 Bxb7 21.
Rb1 Bxe4 22. Bc2 Bxc2 23. Qxc2 Rac8 24. Bf2 Qxc4 25. Qxc4+ Rxc4 26. Bxa7 Ra4 27.
Bb8 d5 28. a3 Rc8 29. Bd6 Bh6 30. Be7 Rac4 31. Bxf6 Rc1+ 32. Rxc1 Rxc1+ 33. Ng1
Be3 34. h3 e4 35. Kh2 Bxg1+ 36. Kg3 Rf1 37. Bg5 e3 38. Bxe3 Bxe3 39. a4 d4
{White resigns} 0-1

[Event "Team 45 45 League T63"]
[Site "Internet Chess Club"]
[Date "2014.12.19"]
[Round "4"]
[White "bmw2002"]
[Black "alexine"]
[Result "1-0"]
[WhiteElo "1547"]
[BlackElo "1525"]
[Opening "English opening"]
[ECO "A20"]
[Time "14:06:28"]
[TimeControl "2700+45"]

1. c4 e5 2. g3 g6 3. Bg2 Bg7 4. e4 d6 5. Nf3 Nf6 6. Nc3 O-O 7. O-O Nc6 8. Qe2
Bg4 9. h3 Bxf3 10. Qxf3 Nd4 11. Qd1 c6 12. d3 Qd7 13. Be3 Ne6 14. b4 c5 15. a3
b6 16. bxc5 bxc5 17. Ne2 Rab8 18. Rb1 Nd4 19. Nxd4 cxd4 20. Bd2 Qc6 21. Qc2 Nd7
22. Rfc1 Nc5 23. Bb4 Bh6 24. Rf1 Qc7 25. Rb2 a5 26. Bxc5 Rxb2 27. Qxb2 dxc5 28.
Rb1 a4 29. Qb5 Qa7 30. Bf3 Qa8 31. Bd1 f5 32. exf5 Rxf5 33. Qxc5 Bf8 34. Qb5
Bxa3 35. Qd7 Qf8 36. Rb7 Rf7 37. Qd5 Qe8 38. Bxa4 Qf8 39. c5 Bxc5 40. Bb3 Be7
41. Ra7 Kg7 42. Qxe5+ Kh6 43. Bxf7 Qxf7 44. Qxe7 Qg8 45. Qh4# {Black checkmated}
1-0

[Event "Team 45 45 League T63"]
[Site "Internet Chess Club"]
[Date "2014.12.19"]
[Round "4"]
[White "g8wrb"]
[Black "Mitochondria"]
[Result "1/2-1/2"]
[WhiteElo "1262"]
[BlackElo "1489"]
[Opening "French: Tarrasch, closed variation, main line"]
[ECO "C06"]
[Time "09:46:48"]
[TimeControl "2700+45"]

1. e4 e6 2. d4 d5 3. Nd2 Nf6 4. e5 Nfd7 5. Bd3 c5 6. c3 Nc6 7. Ne2 cxd4 8. cxd4
Qb6 9. Nf3 Bb4+ 10. Bd2 O-O 11. O-O f6 12. exf6 Nxf6 13. a3 Bd6 14. b4 e5 15.
dxe5 Nxe5 16. Nxe5 Bxe5 17. Be3 Qd8 18. Rc1 Bb2 19. Rb1 Be5 20. Ng3 Bxg3 21.
fxg3 Ng4 22. Rxf8+ Qxf8 23. Bc5 Qf7 24. Qf3 Qxf3 25. gxf3 Ne5 26. Be2 Nc4 27.
Rb3 b5 28. f4 Bd7 29. Rd3 Bc6 30. Bf3 a5 31. Bxd5+ Bxd5 32. Rxd5 Nxa3 33. bxa5
Rxa5 34. Bxa3 Rxa3 35. Rxb5 Ra2 36. Rb7 h5 37. h3 Kh7 38. g4 hxg4 39. hxg4 Ra4
40. Rf7 Kg8 41. Rf5 g6 42. Rg5 Rxf4 43. Rxg6+ Kf7 44. Rg5 Kf6 45. Rg8 Kf7 46.
Rg5 Kf6 {Game drawn by mutual agreement} 1/2-1/2

[Event "Team 45 45 League T63"]
[Site "Internet Chess Club"]
[Date "2014.12.21"]
[Round "4"]
[White "Zyme"]
[Black "nosir"]
[Result "1-0"]
[WhiteElo "1360"]
[BlackElo "1449"]
[Opening "QGD Slav defense"]
[ECO "D10"]
[Time "20:19:22"]
[TimeControl "2700+45"]

1. d4 d5 2. c4 c6 3. e3 e6 4. Nc3 Nf6 5. Bd3 dxc4 6. Bxc4 Bd6 7. Nf3 O-O 8. O-O
Nbd7 9. b3 Qc7 10. Bb2 b6 11. Rc1 Bb7 12. Bd3 Qd8 13. Re1 c5 14. Nb5 Be7 15.
dxc5 Nxc5 16. Bb1 a6 17. Nbd4 Rc8 18. Qe2 Nce4 19. Red1 Rxc1 20. Bxc1 Qa8 21.
Bb2 Bb4 22. Qc4 Bd6 23. Qf1 Rc8 24. Nd2 Nc3 25. Rc1 Nxb1 26. Rxc8+ Qxc8 27. Qxb1
Bb4 28. Qc1 Qxc1+ 29. Bxc1 b5 30. f3 Nd5 31. Nf1 Nc3 32. Bd2 Nxa2 33. Bxb4 Nxb4
34. e4 Nc6 35. Nc2 e5 36. Nfe3 Nd4 37. Nxd4 exd4 38. Nf1 d3 39. Kf2 b4 40. Ke3
Bc6 41. Nd2 Bb5 42. Nc4 Kf8 43. Kxd3 Ke7 44. Kd4 Bxc4 45. Kxc4 Kd6 46. Kxb4 Kc6
47. Ka5 Kb7 48. g4 h6 49. h4 g6 50. g5 h5 51. f4 Ka7 52. f5 Kb7 53. f6 {Black
resigns} 1-0

[Event "Team 45 45 League T63"]
[Site "Internet Chess Club"]
[Date "2014.12.23"]
[Round "4"]
[White "SeniorCitizen"]
[Black "chuckh2"]
[Result "0-1"]
[WhiteElo "1333"]
[BlackElo "1436"]
[Opening "French defense"]
[ECO "C00"]
[Time "12:01:38"]
[TimeControl "2700+45"]

1. e4 e6 2. Nf3 d5 3. exd5 exd5 4. Nc3 Nf6 5. d4 a6 6. Be2 Be6 7. O-O c5 8. dxc5
Bxc5 9. Be3 Bxe3 10. fxe3 O-O 11. Nd4 Nbd7 12. Nxe6 fxe6 13. Kh1 Qb6 14. Qc1 Qd6
15. Bf3 Rac8 16. Ne2 Rc4 17. c3 Ne5 18. Ng3 Rh4 19. Qd1 Nc4 20. Qe2 Qxg3 21. h3
Ne5 22. Qf2 Qxf2 23. Rxf2 Nxf3 24. Rxf3 Ne4 25. Rxf8+ Kxf8 26. Kh2 Nd6 27. Kg3
Re4 28. Re1 Nc4 29. Re2 Nxe3 {White resigns} 0-1

[Event "Team 45 45 League T63"]
[Site "Internet Chess Club"]
[Date "2014.12.22"]
[Round "4"]
[White "vjbaker"]
[Black "divy7"]
[Result "0-1"]
[WhiteElo "1739"]
[BlackElo "1622"]
[Opening "Ruy Lopez: exchange variation, 5.O-O"]
[ECO "C68"]
[Time "15:01:10"]
[TimeControl "2700+45"]

1. e4 e5 2. Nf3 Nc6 3. Bb5 a6 4. Bxc6 dxc6 5. O-O Bd6 6. d4 exd4 7. Qxd4 f6 8.
Re1 Ne7 9. e5 fxe5 10. Nxe5 O-O 11. Qc4+ Nd5 12. Nc3 Qf6 13. Nf3 Be6 14. Bg5 Qg6
15. Qe4 Bf5 16. Qh4 h6 17. Bd2 Bxc2 18. Nd4 Rae8 19. Rec1 Be4 20. g3 Nxc3 21.
Bxc3 c5 22. Nb3 Qf5 23. g4 Qf3 24. Kf1 Qh1+ 25. Ke2 Bd3+ 26. Kxd3 Qe4+ 27. Kd2
Qe2# {White checkmated} 0-1

[Event "Team 45 45 League T63"]
[Site "Internet Chess Club"]
[Date "2014.12.23"]
[Round "4"]
[White "bluesun"]
[Black "Chaitanyaann"]
[Result "1-0"]
[WhiteElo "1498"]
[BlackElo "1467"]
[Opening "Sicilian defense"]
[ECO "B40"]
[Time "19:04:31"]
[TimeControl "2700+45"]

1. e4 c5 2. Nf3 e6 3. c4 Nc6 4. d4 d5 5. exd5 exd5 6. dxc5 dxc4 7. Qxd8+ Nxd8 8.
Be3 Ne6 9. c6 b5 10. b3 Bb4+ 11. Bd2 Bxd2+ 12. Nfxd2 cxb3 13. axb3 a6 14. Bxb5
Ne7 15. O-O O-O 16. Nc3 Nd4 17. c7 Bb7 18. Bd7 Ne6 19. Rfe1 Nc8 20. Bxe6 fxe6
21. Rxe6 Rf7 22. Re8+ Rf8 23. Rae1 Nd6 24. R8e7 Ne8 25. Na4 Nd6 26. Nb6 Ra7 27.
Rd7 Nf7 28. c8=Q Bxc8 29. Rxa7 Bf5 30. h3 Bd3 31. Ree7 Bg6 32. Ndc4 Rd8 33. Rxa6
Ng5 34. Ne5 Bf5 35. Raa7 Ne6 36. g4 Rd1+ 37. Kh2 Be4 38. Rxe6 Rh1+ 39. Kg3 Rg1+
40. Kf4 g5+ 41. Kxe4 Re1+ 42. Kf5 Kf8 43. Rf7+ Kg8 44. Re8# {Black checkmated}
1-0

[Event "Team 45 45 League T63"]
[Site "Internet Chess Club"]
[Date "2014.12.19"]
[Round "4"]
[White "Uku"]
[Black "Bizzy-Ketty"]
[Result "0-1"]
[WhiteElo "1340"]
[BlackElo "1578"]
[Opening "Sicilian: Grand Prix attack"]
[ECO "B23"]
[Time "17:00:40"]
[TimeControl "2700+45"]

1. e4 c5 2. Nc3 Nc6 3. f4 e6 4. Bc4 Nge7 5. d3 d5 6. Bb3 g6 7. Nf3 Bg7 8. O-O
O-O 9. Qe1 b6 10. Qh4 Ba6 11. f5 dxe4 12. f6 exf3 13. fxg7 Re8 14. Rxf3 Nf5 15.
Qxd8 Raxd8 16. g4 Nxg7 17. Ba4 Bb7 18. Rf1 a6 19. Bg5 Rd4 20. Bxc6 Rxg4+ 21. Kh1
Bxc6+ 22. Ne4 Rxg5 23. Rg1 Re5 24. Rge1 f5 25. Kg1 fxe4 26. b4 cxb4 27. a3 Rg5+
28. Kf1 exd3 29. axb4 Rf8# {White checkmated} 0-1

[Event "Team 45 45 League T63"]
[Site "Internet Chess Club"]
[Date "2014.12.18"]
[Round "4"]
[White "xt"]
[Black "sockbuf"]
[Result "1-0"]
[WhiteElo "1604"]
[BlackElo "1705"]
[Opening "French: Chigorin variation"]
[ECO "C00"]
[Time "22:10:06"]
[TimeControl "2700+45"]

1. e4 e6 2. Qe2 c5 3. f4 Nc6 4. Nf3 Nge7 5. d3 d5 6. g3 g6 7. Bg2 Bg7 8. e5 O-O
9. g4 f6 10. exf6 Bxf6 11. Nc3 b5 12. Ne5 Nd4 13. Qd1 Bh4+ 14. Kf1 Bg5 15. Ne2
Nxe2 16. Kxe2 Bxf4 17. Bxf4 Rxf4 18. Qd2 g5 19. Raf1 Qd6 20. Nf3 h6 21. h4 e5
22. hxg5 hxg5 23. Nxg5 Bxg4+ 24. Bf3 Bxf3+ 25. Nxf3 Kf7 26. Qe3 Nf5 27. Nxe5+
Ke6 28. Qxf4 Qxe5+ 29. Qxe5+ Kxe5 30. Rh5 Rf8 31. Rf3 Ke6 32. Kd2 Rf7 33. Rfh3
a5 34. Rh7 Rf8 35. Rb7 b4 36. Ra7 Rg8 37. Rxa5 Rg2+ 38. Kc1 Rg1+ 39. Kd2 Rg2+
40. Kd1 Rg1+ 41. Ke2 Rg2+ 42. Kd1 Rg1+ 43. Ke2 Rg2+ 44. Kf3 Rxc2 45. Ra6+ Ke5
46. b3 Nd4+ 47. Kg4 Rg2+ 48. Rg3 Rf2 49. Re3# {Black checkmated} 1-0

[Event "Team 45 45 League T63"]
[Site "Internet Chess Club"]
[Date "2014.12.19"]
[Round "4"]
[White "pauliewoll"]
[Black "SugarIslander"]
[Result "1-0"]
[WhiteElo "1684"]
[BlackElo "1616"]
[Opening "Petrov: classical attack"]
[ECO "C42"]
[Time "16:30:54"]
[TimeControl "2700+45"]

1. e4 e5 2. Nf3 Nf6 3. Nxe5 d6 4. Nf3 Nxe4 5. d4 d5 6. Bd3 Be7 7. O-O Bg4 8. Re1
Nf6 9. c3 Nbd7 10. Bg5 O-O 11. Nbd2 c6 12. Qb3 Nb6 13. Rac1 Be6 14. a4 Qc7 15.
Ne5 Rfe8 16. Ndf3 Ne4 17. Bxe7 Rxe7 18. Qc2 Nf6 19. Ng5 h6 20. Nxe6 Rxe6 21. f4
Rae8 22. b4 Nc4 23. a5 Nd6 24. Qf2 Nfe4 25. Qc2 f6 26. Nf3 Nc4 27. Bxc4 dxc4 28.
g3 b5 29. d5 cxd5 30. Nd4 R6e7 31. Nxb5 Qd7 32. Nd4 a6 33. Rcd1 Nd6 34. Rxe7
Rxe7 35. Qf2 Qg4 36. Qf3 Qxf3 37. Nxf3 Nb5 38. Rxd5 Nxc3 39. Rd6 Na2 40. Rxa6 c3
41. Rc6 Nxb4 42. Rxc3 Ra7 43. Rc5 Ra6 44. Rb5 Nc6 45. Rb6 Rxb6 46. axb6 Na5 47.
Nd4 Nb7 48. Kf2 g6 49. Ke3 Kf7 50. Ke4 Ke7 51. Kd5 Kd7 52. g4 Nd6 53. f5 gxf5
54. Nxf5 Nf7 55. Kc5 Kc8 56. Nd6+ Nxd6 57. Kxd6 Kb7 58. Ke6 h5 59. gxh5 Kxb6 60.
h6 f5 61. h7 f4 62. h8=Q Kc5 63. Qe5+ {Black resigns} 1-0

[Event "Team 45 45 League T63"]
[Site "Internet Chess Club"]
[Date "2014.12.19"]
[Round "4"]
[White "mongmong"]
[Black "bayoumicardio10"]
[Result "0-1"]
[WhiteElo "1555"]
[BlackElo "1679"]
[Opening "King's Indian, 3.Nf3"]
[ECO "E90"]
[Time "18:02:22"]
[TimeControl "2700+45"]

1. d4 Nf6 2. Nf3 g6 3. c4 Bg7 4. Nc3 O-O 5. e4 d6 6. h3 e5 7. d5 a5 8. Bg5 Nbd7
9. Nd2 h6 10. Be3 Nh5 11. g4 Nf4 12. Qc2 b6 13. O-O-O Nc5 14. Na4 Bd7 15. Nxc5
bxc5 16. Nb1 Qb8 17. Nc3 Qb7 18. Ne2 Nxe2+ 19. Bxe2 Rfb8 20. Bd2 a4 21. a3 Ra6
22. Bc3 Qb3 23. Rdf1 Rab6 24. Bd1 Qxc4 25. Be2 Qb3 26. Qxb3 Rxb3 27. Bc4 R3b7
28. Kc2 f5 29. f3 Rf8 30. Ba6 Rb6 31. Bc4 fxe4 32. fxe4 Rf4 33. Rxf4 exf4 34.
Bxg7 Kxg7 35. Re1 Rb8 36. e5 dxe5 37. Rxe5 Re8 38. Rxe8 Bxe8 39. Kd3 Kf6 40. Ke4
g5 41. b3 axb3 42. Bxb3 Bb5 43. a4 Ba6 44. a5 Bb5 45. Bc2 Ke7 46. Kf5 f3 {White
resigns} 0-1

[Event "Team 45 45 League T63"]
[Site "Internet Chess Club"]
[Date "2014.12.21"]
[Round "4"]
[White "TwinsburgOHUSA"]
[Black "craftsman49868"]
[Result "1/2-1/2"]
[WhiteElo "1464"]
[BlackElo "1611"]
[Opening "Sicilian defense"]
[ECO "B41"]
[Time "17:00:21"]
[TimeControl "2700+45"]

1. e4 c5 2. d4 e6 3. Nf3 cxd4 4. c3 Nc6 5. Bf4 g6 6. Bb5 Bg7 7. Bxc6 bxc6 8. Bd6
Ne7 9. O-O O-O 10. cxd4 Re8 11. Nc3 Bf8 12. h4 Nd5 13. Bxf8 Nxc3 14. bxc3 Rxf8
15. Qd2 Kg7 16. h5 h6 17. g3 d6 18. Rab1 Qf6 19. Nh4 g5 20. Ng2 e5 21. f3 Bh3
22. Rb7 Bxg2 23. Kxg2 d5 24. Qe3 Qe6 25. f4 exf4 26. gxf4 Qg4+ 27. Qg3 Qe2+ 28.
Kg1 Qxh5 29. exd5 cxd5 30. fxg5 Qxg5 31. Qxg5+ hxg5 32. Rf5 Kg6 33. Rxd5 Rfe8
34. Kf2 Rac8 {Game drawn by mutual agreement} 1/2-1/2

[Event "Team 45 45 League T63"]
[Site "Internet Chess Club"]
[Date "2014.12.21"]
[Round "4"]
[White "ticopatzer"]
[Black "RightHandRook"]
[Result "1-0"]
[WhiteElo "1745"]
[BlackElo "1723"]
[Opening "Réti opening"]
[ECO "A04"]
[Time "16:11:51"]
[TimeControl "2700+45"]

1. Nf3 g6 2. d4 Bg7 3. c4 d6 4. Nc3 Nc6 5. e4 e5 6. d5 Nb8 7. Be2 f5 8. O-O Nh6
9. Bg5 Qd7 10. Qc2 Nf7 11. Bh4 O-O 12. Rad1 Qe8 13. b4 h6 14. exf5 Bxf5 15. Bd3
Bxd3 16. Qxd3 g5 17. Bg3 Nd7 18. Rfe1 Nd8 19. Nd4 Qf7 20. Ndb5 Nf6 21. c5 a6 22.
Na3 h5 23. h3 h4 24. Bh2 Nd7 25. Qd2 Qg6 26. Nc4 Bh6 27. Ne4 g4 28. Qd3 Nf7 29.
cxd6 Nxd6 30. Nexd6 Qxd3 31. Rxd3 cxd6 32. Nxd6 Rf6 33. Nxb7 Raf8 34. Bxe5 Rxf2
35. Bd6 R8f6 36. a4 Bd2 37. Rd1 Bg5 38. Be7 Rb6 39. Kxf2 Bxe7 40. d6 g3+ 41. Kg1
Bf6 42. Nc5 Ne5 43. Rd4 Nc6 44. Rf4 Be5 45. Rg4+ {Black resigns} 1-0

[Event "Team 45 45 League T63"]
[Site "Internet Chess Club"]
[Date "2014.12.20"]
[Round "4"]
[White "Chesscat9"]
[Black "rayonline53"]
[Result "1-0"]
[WhiteElo "1702"]
[BlackElo "1502"]
[Opening "Sicilian: Smith-Morra gambit"]
[ECO "B21"]
[Time "15:02:53"]
[TimeControl "2700+45"]

1. e4 c5 2. d4 cxd4 3. c3 d3 4. Bxd3 d6 5. Nf3 Nf6 6. O-O g6 7. h3 Bg7 8. c4 O-O
9. Nc3 Bd7 10. Be3 Nc6 11. Qd2 Qc7 12. a3 Na5 13. Nd5 Nxd5 14. cxd5 Nb3 15. Rac1
Nxd2 16. Rxc7 Nxf1 17. Bxf1 Ba4 18. Rxb7 Rfb8 19. Rxb8+ Rxb8 20. b4 Bb5 21. Bxb5
Rxb5 22. Nd4 Rb7 23. Nc6 a6 24. Bd2 h5 25. Kf1 Kh7 26. Ke2 Bh6 27. Be1 Bc1 28.
a4 Bb2 29. Kd3 Kg7 30. f4 Kf8 31. Kc2 Bf6 32. Kd3 Ke8 33. Kc4 Kd7 34. b5 axb5+
35. axb5 e5 36. Bc3 g5 37. fxe5 dxe5 38. Kc5 Bg7 39. Nxe5+ Bxe5 40. Bxe5 g4 41.
hxg4 hxg4 42. b6 {Black resigns} 1-0